AoeStats
← ilostmyscout

Migration

509951757Analyzed
1v1 RM · 4d ago on Sep 28, 2026· 53m 18s· 2 players
Game mode
Random Map
Map size
132×132
Population
200
Speed
Normal
Resources
Standard
Victory
Conquest
Starting age
Dark Age
Ending age
Imperial Age
RankedLock teamsTeams togetherTeam positionsShared explorationLock speedFull tech treeHidden civsTurbo modeCheats
Victory
Defeat
🇨🇭 Spanish · Switzerland
750
+16
🇨🇱 Bulgarians · Chile
747
-16
Marcelo
0:53 Loom
11:17 Feudal Age
11:49 Town Watch
11:51 Horse Collar
11:58 Double-Bit Axe
21:23 Castle Age
20:53 Scale Mail Armor
21:37 Forging
24:43 Gambesons
26:30 Fletching
31:02 Bodkin Arrow
31:24 Chain Mail Armor
34:30 Iron Casting
33:48 Arson
42:24 Imperial Age
40:21 Scale Barding Armor
40:48 Pikeman
49:15 Blast Furnace
49:35 Heavy Plow
50:09 Plate Mail Armor
49:44 Bracer
50:28 Wheelbarrow
50:53 Light Cavalry
52:21 Bloodlines
ilostmyscout
0:50 Loom
12:28 Feudal Age
13:55 Wheelbarrow
13:07 Double-Bit Axe
13:05 Horse Collar
18:29 Man-at-Arms
21:46 Castle Age
20:44 Stone Mining
31:01 Heavy Plow
33:55 Long Swordsman
34:20 Gambesons
36:15 Forging
43:37 Imperial Age
42:01 Hand Cart
41:49 Scale Mail Armor
43:10 Iron Casting
42:51 Chain Mail Armor
43:21 Elite Skirmisher
44:12 Thumb Ring
45:52 Heavy Mounted Crossbowman
45:58 Two-Handed Swordsman
46:52 Champion
51:49 Blast Furnace
51:20 Plate Mail Armor
50:43 Capped Ram
53:43 Bow Saw
Connection lost

Rejoining the realm…

Still unreachable

The connection could not be restored.

Session expired

The server has moved on; the page needs a fresh start.